 Dungeon Crawl Stone Soup version 0.29.0-7-g18a832c13a (webtiles) character file.

Game seed: 17564946055033191292

128 concernfroge the Trooper (level 4, -2/40 HPs)
             Began as a Mummy Monk on Aug 31, 2022.
             Killed by divine providence
             ... invoked by an orc priest
              (14 damage)
             ... on level 3 of the Dungeon.
             The game lasted 00:08:13 (3534 turns).

concernfroge the Trooper (Mummy Monk)               Turns: 3534, Time: 00:08:13

Health: -2/40      AC: 12    Str: 16    XL:     4   Next: 87%
Magic:  0/4        EV:  5    Int:  9    God:
Gold:   187        SH:  0    Dex: 14    Spells: 3/3 levels left

rFire   x . .      SeeInvis .   a - +0 spear
rCold   + . .      Faith    .   (no shield)
rNeg    + + +      Spirit   +   g - +0 plate armour "Cefukh" {rPois Will+} rPois โˆž Reflect .
                                j - +1 helmet
rElec   .          Harm     .   (no cloak)
rCorr   .          Rampage  .   (no gloves)
Will    +....                   (no boots)
Stlth   ..........              f - amulet of guardian spirit
HPRegen 0.13/turn               (no ring)
MPRegen 0.09/turn               (no ring)

@: no status effects
A: cold resistance 1, negative energy resistance 3, torment resistance 2, heat
vulnerability 1, in touch with death 1, no potions
a: no special abilities


You were on level 3 of the Dungeon.
You visited 1 branch of the dungeon, and saw 3 of its levels.

You collected 187 gold pieces.

Inventory:

Hand Weapons
 a - a +0 spear (weapon)
Missiles
 c - 3 boomerangs (quivered)
 h - 2 atropa-tipped darts
Armour
 g - the +0 plate armour "Cefukh" (worn) {rPois Will+}
   (You acquired it on level 3 of the Dungeon)

   rPois:     It protects you from poison.
   Will:      It increases your willpower.
 j - a +1 helmet (worn)
Jewellery
 f - an amulet of guardian spirit (around neck)
Scrolls
 b - a scroll of amnesia
 e - a scroll of poison
 i - a scroll of magic mapping
 l - a scroll of noise {unknown}
 m - a scroll of blinking {unknown}


   Skills:
 + Level 5.6 Fighting
 - Level 2.4 Polearms
 - Level 2.4 Dodging
 - Level 1.5 Stealth


You had 3 spell levels left.
You didn't know any spells.
Your spell library was empty.

Dungeon Overview and Level Annotations

Branches:
Dungeon (3/15)

Altars:


Innate Abilities, Weirdness & Mutations

You are immune to poison.
Your flesh is cold resistant. (rC+)
You are immune to negative energy. (rN+++)
You are immune to unholy pain and torment.
You are vulnerable to heat. (rF-)
You are in touch with the powers of death.
You do not drink.


Message History

The orc priest hits you but does no damage.
You hit the orc priest but do no damage.
The orc priest is heavily wounded.
The orc priest mumbles some strange prayers to Beogh against you.
Beogh smites you!
You hit the orc priest.
The orc priest is severely wounded.
The orc priest hits you with a +2 dagger of protection.
You closely miss the orc priest.
The orc priest is severely wounded.
The orc priest casts a cantrip, but nothing happens.
You hit the orc priest but do no damage.
The orc priest is severely wounded.
The orc priest hits you but does no damage.
You barely miss the orc priest.
The orc priest is severely wounded.
The orc priest hits you with a +2 dagger of protection.
You hit the orc priest but do no damage.
The orc priest is severely wounded.
The orc priest hits you but does no damage.
You hit the orc priest but do no damage.
The orc priest is severely wounded.
The orc priest hits you with a +2 dagger of protection.
You hit the orc priest but do no damage.
The orc priest is severely wounded.
The orc priest hits you but does no damage.
You hit the orc priest.
The orc priest is almost dead.
The orc priest invokes the aid of Beogh against you.
Beogh smites you!
You are too injured to fight recklessly!
You hit the orc priest.
The orc priest is almost dead.
The orc priest hits you with a +2 dagger of protection.
* * * LOW HITPOINT WARNING * * *
You closely miss the orc priest.
The orc priest is almost dead.
The orc priest calls down the wrath of Beogh upon you.
Beogh smites you!
You die...

..# #.<........#
## ..#
#..........# ##.
..# #.........>#
#.. ..#
#..........##
##.. ..#
#...........#
#... ..###
#######.###.####
#.#. ....#
##.....#....#
#.#. #.#.#
#).###o####.##
##.#. #.#.##
#o## #@# #..#
#..#. #.#..##
[.. #.# ##.###
#.##.
#.##..##.... #.#
#...# #.##.
#.###.##..ยง#
#.# ###.## #.##.
#.###..#..โ‰ˆ
#.# #..###.##.
.....#.#..โ‰ˆ
#.# ##.##.o##.
##.#...#... #.#
#....###.
#.###.# #.#
###..# #.
#)###.##### #.#
##.###)


You could see an orc priest.

Vanquished Creatures
  An orc wizard (D:3)
  An adder (D:2)
  2 dart slugs
  11 orcs (D:3)
  7 ball pythons
  5 endoplasms
  11 hobgoblins
  2 jackals (D:3)
  10 bats
  3 frilled lizards
  8 goblins
  6 kobolds
  5 rats
72 creatures vanquished.

Vanquished Creatures (others)
  4 toadstools (D:1)
4 creatures vanquished.

Grand Total: 76 creatures vanquished

Notes
Turn   | Place    | Note
-------+----------+-------------------------------------------
     0 | D:1      | concernfroge the Mummy Monk began the quest for the Orb.
     0 | D:1      | Reached XP level 1. HP: 18/18 MP: 1/1
   177 | D:1      | Reached XP level 2. HP: 24/24 MP: 2/2
   474 | D:1      | Found a faded altar of an unknown god.
   642 | D:1      | Reached skill level 4 in Fighting
   931 | D:1      | Gained mutation: You are in touch with the powers of death.
                  | [Mummy growth]
   931 | D:1      | Reached XP level 3. HP: 29/30 MP: 3/3
  1984 | D:2      | Reached XP level 4. HP: 35/38 MP: 4/4
  2133 | D:3      | Reached skill level 5 in Fighting
  3107 | D:3      | Identified a scroll of acquirement
  3107 | D:3      | Acquired the +0 plate armour "Cefukh" {rPois Will+}
  3126 | D:3      | HP: 1/39 [orc priest/divine providence (10)]
  3534 | D:3      | Killed from afar by an orc priest

Illustrated notes

Levels and vault maps discovered:
D:1:      ldierk_water_garden, layout_basic, chequers_ecumenical_altar_island,
          solitary_fountain, minivault_27
D:2:      minmay_razor_zed, layout_basic
D:3:      layout_rooms, ebering_dispersal_statue_hall, dreamdust_wishing_well,
          kennysheep_generic_room_11

Skill      XL: |  1  2  3  4 |
---------------+-------------+-----
Fighting       | 4 5 |  5.6
Polearms       | |  2.4
Dodging        | |  2.4
Stealth        | |  1.5

Action                   |  1- 3 |  4- 6 || total
-------------------------+-------+-------++-------
Melee: Spear             |   215 |   131 ||   346
       Punch             |     1 |     4 ||     5
Throw: Dart              |       |     2 ||     2
  Use: Scroll            |     1 |     8 ||     9
Armor: Robe              |    10 |       ||    10
       Scale mail        |    60 |    50 ||   110
       Plate armour      |       |     6 ||     6
Dodge: Dodged            |    84 |    59 ||   143
